 Dungeon Crawl Stone Soup version 0.31.0-11-ge490571c62 (webtiles) character file.

Game seed: 2498361654510519434

14 Bravepunisher the Ducker (level 2, 16/16 HPs)
             Began as a Spriggan Monk on Jan 28, 2024.
             Quit the game in the Ecumenical Temple.
             The game lasted 00:02:45 (334 turns).

Bravepunisher the Ducker (Spriggan Monk)             Turns: 334, Time: 00:02:46

Health: 16/16      AC:  2    Str:  7    XL:     2   Next: 27%
Magic:  3/3        EV: 19    Int: 11    God:
Gold:   0          SH:  0    Dex: 17    Spells: 1/1 levels left

rFire   . . .        a - +0 short sword
rCold   . . .        (no shield)
rNeg    . . .        b - +0 robe
rPois   .            (helmet restricted)
rElec   .            d - scarf {repulsion}
rCorr   .            (gloves unavailable)
SInv    +            (boots unavailable)
Will    .....        (no amulet)
Stlth   ++           (no ring)
HPRegen 0.22/turn    (no ring)
MPRegen 0.08/turn

%: repel missiles
@: very quick
A: very small, no large weapons, unfitting armour, see invisible, speed 3
a: no special abilities


You were in the Ecumenical Temple.
You visited 2 branches of the dungeon, and saw 5 of its levels.

Inventory:

Hand Weapons
 a - a +0 short sword (weapon)
Armour
 b - a +0 robe (worn)
 d - a scarf of repulsion (worn)


   Skills:
 * Level 2.9 Fighting
 - Level 3.2 Short Blades
 + Level 4.3 Dodging


You had one spell level left.
You didn't know any spells.
Your spell library was empty.

Dungeon Overview and Level Annotations

Branches:
Dungeon (4/15)             Temple (1/1) D:4

Altars:
Ashenzari
Cheibriados
Dithmenos
Fedhas
Hepliaklqana
Kikubaaqudgha
Nemelex Xobeh
Okawaru
Qazlal
Ru
Sif Muna
Trog
Uskayaw
Vehumet
Wu Jian
Xom
Yredelemnul
The Shining One

Annotations:
D:2 Natasha


Innate Abilities, Weirdness & Mutations

You are very small and have problems with some larger weapons.
You are too small for most types of armour.
You have supernaturally acute eyesight. (SInv)
You cover ground extremely quickly. (Speed+++)


Message History

Found a scroll labelled RIMOEG EKUTT.
You close the door.
Found a stone staircase leading down.
Found a staircase to the Ecumenical Temple.
An adder comes into view.
There is a stone staircase leading down here.
You enter the shallow water.
Moving in this stuff is going to be slow.
The adder hisses angrily.
The adder bites you.
There is a staircase to the Ecumenical Temple here.
You miss the adder. The adder bites you.
You are poisoned.
The adder poisons you!
You are confused.
You feel invigorated.
You feel sick. The adder misses you.
You miss the adder.
You feel sick. The adder bites you.
You hit the adder.
The adder is heavily wounded.
You feel sick. The adder barely misses you.
You enter the shallow water.
Moving in this stuff is going to be slow.
You feel sick. The adder bites you but does no damage.
You feel sick.
You are no longer poisoned.
The adder attacks as it pursues you! The adder barely misses you.
The adder completely misses you.
You feel less invigorated.
You feel less confused. The adder bites you.
Your unstable footing causes you to fumble your attack.
The adder misses you. The adder barely misses you.
The adder closely misses you. The adder bites you but does no damage.
There is a staircase to the Ecumenical Temple here.
The adder closely misses you. The adder barely misses you.
You climb downwards.
Welcome to the Ecumenical Temple!
Found eighteen altars.
Found a staircase back to the Dungeon.
There is a staircase back to the Dungeon here.
Are you sure you want to abandon this character and quit the game? (Confirm with "yes".)

#########
##_._._._##
##.........##
##_..≈≈.≈≈.._##
#...≈≈≈.≈≈≈...#
#_.≈≈.≈.≈.≈≈._#
#..≈≈≈S..≈≈≈..#
#_.....@....._#
#..≈≈≈...≈≈≈..#
#_.≈≈.≈.≈.≈≈._#
#...≈≈≈.≈≈≈...#
##_..≈≈.≈≈.._##
##.........##
##_._._._##
#########


You could see an adder.

Vanquished Creatures
  An adder (D:4)
  An endoplasm (D:2)
  2 ball pythons (D:2)
  A kobold (D:4)
  A rat (D:2)
6 creatures vanquished.

Notes
Turn   | Place    | Note
-------+----------+-------------------------------------------
     0 | D:1      | Bravepunisher the Spriggan Monk began the quest for the
                  | Orb.
     0 | D:1      | Reached XP level 1. HP: 11/11 MP: 2/2
    36 | D:2      | Noticed Natasha
    38 | D:2      | Noticed a cerulean imp
    41 | D:2      | Noticed a cerulean imp
    81 | D:2      | Found a stormy altar of Qazlal.
   186 | D:3      | You fall into a shaft and drop 1 floor!
   233 | D:4      | Reached XP level 2. HP: 16/16 MP: 3/3
   314 | D:4      | Found a staircase to the Ecumenical Temple.
   333 | Temple   | Entered the Ecumenical Temple
   334 | Temple   | Quit the game

Illustrated notes

Levels and vault maps discovered:
D:1:      onia_arrival_handbag, layout_basic
D:2:      layout_rooms, basic_altar, uniq_natasha
D:3:      layout_loops_ring, lemuel_round_altar, roderic_batcave,
          grunt_decor_resistance
D:4:      layout_gridville, minmay_temple_entry_mist
Temple:   nicolae_temple_no_exploring_needed

Action                     || total
---------------------------++-------
  Melee: Short sword       ||    20
    Use: Potion            ||     1
   Stab: Sleeping          ||     1
 Armour: Robe              ||    15
  Dodge: Dodged            ||    21
